 Dungeon Crawl Stone Soup version 0.30-a0-4-ga7cffc901d (webtiles) character file.

Game seed: 14351774563133808724

127 Setbun the Cutter (level 5, -2/30 HPs)
             Began as a Kobold Brigand on Aug 21, 2022.
             Slain by an orc
             ... wielding a +0 hand axe
              (3 damage)
             ... on level 3 of the Dungeon.
             The game lasted 00:03:01 (2892 turns).

Setbun the Cutter (Kobold Brigand)                  Turns: 2892, Time: 00:03:02

Health: -2/30      AC:  3    Str:  8    XL:     5   Next: 33%
Magic:  5/5        EV:  7    Int: 12    God:
Gold:   151        SH:  0    Dex: 19    Spells: 4/4 levels left

rFire   . . .      SeeInvis .    a - +2 dagger
rCold   . . .      Faith    .    (no shield)
rNeg    . . .      Spirit   .    b - +0 robe
rPois   .          Reflect  .    (no helmet)
rElec   .          Harm     .    c - +0 cloak
rCorr   .          Rampage  .    (no gloves)
Will    .....                    (no boots)
Stlth   ++++......               (no amulet)
HPRegen 0.10/turn                (no ring)
MPRegen 0.09/turn                (no ring)

@: brilliant, held
A: small, no large weapons, nightstalker 3
a: no special abilities


You were on level 3 of the Dungeon.
You visited 1 branch of the dungeon, and saw 3 of its levels.

You collected 151 gold pieces.

Inventory:

Hand Weapons
 a - a +2 dagger (weapon)
 r - a +1 falchion of holy wrath
Missiles
 d - 17 poisoned darts (quivered)
 e - 3 curare-tipped darts
 f - a throwing net
Armour
 b - a +0 robe (worn)
 c - a +0 cloak (worn)
Magical Staves
 p - a staff of conjuration
Jewellery
 s - a ring of willpower
Scrolls
 g - a scroll of enchant armour {unknown}
 i - a scroll of magic mapping {unknown}
 m - 2 scrolls of fear {unknown}
 n - 2 scrolls of identify {unknown}
 o - 2 scrolls of vulnerability {unknown}
 q - a scroll of teleportation {unknown}
 t - a scroll of fog {unknown}
Potions
 h - 2 potions of brilliance
 j - a potion of magic {unknown}
 k - a potion of resistance {unknown}
 l - 3 potions of heal wounds {unknown}
 u - a potion of attraction {unknown}


   Skills:
 - Level 2.1 Fighting
 + Level 6.8 Short Blades
 - Level 2.1 Throwing
 - Level 1.2 Dodging
 - Level 5.3 Stealth


You had 4 spell levels left.
You didn't know any spells.
Your spell library was empty.

Dungeon Overview and Level Annotations

Branches:
Dungeon (3/15)

Altars:
Dithmenos


Innate Abilities, Weirdness & Mutations

You are small and have problems with some larger weapons.
You are completely attuned to the shadows.


Message History

The orc closely misses you.
The gnoll hits you from afar with a +0 spear!
A gnoll comes into view. It is wielding a +0 flail.
You hit the gnoll.
The gnoll is severely wounded.
The gnoll splashes around in the water.
The orc hits you but does no damage.
The gnoll throws a throwing net.
The throwing net hits you.
You become entangled in the net!
You are held in a net!
You are held in a net!
You are held in a net!
You are held in a net!
You are held in a net!
You are held in a net!
You are held in a net!
You are held in a net!
You are held in a net!
You are held in a net!
You are held in a net!
You are held in a net!
You are held in a net!
Unknown command.
You struggle against the net.
The gnoll splashes around in the water.
The orc hits you with a +0 hand axe.
The gnoll splashes around in the water.
The gnoll hits you from afar with a +0 spear.
You struggle against the net.
The gnoll hits you with a +0 whip.
* * * LOW HITPOINT WARNING * * *
The orc hits you with a +0 hand axe.
* * * LOW HITPOINT WARNING * * *
The orc hits you with a +0 hand axe.
* * * LOW HITPOINT WARNING * * *
The gnoll barely misses you.
The gnoll hits you from afar with a +0 spear.
* * * LOW HITPOINT WARNING * * *
Unknown command.
Okay, then.
It was a potion of brilliance.
You feel clever all of a sudden. The gnoll barely misses you.
The orc hits you with a +0 hand axe.
You die...

####''''#########
..................
≈~≈gg...~~~~~h~~~~ ~#
≈≈≈~.o..~≈≈≈≈≈≈≈≈≈≈≈≈
~~gg@o..~~~~~~~≈~~~~~
...........††).... ..
.####..#.#####...## ##
......#...^.##...####
.###..#.............#
#.............[..##
##.#...........<...
.####.#.....##....####
.......##.####....#


You could see 4 gnolls and 2 orcs.

Vanquished Creatures
  A gnoll (D:3)
  4 adders
  2 worms
  A dart slug (D:3)
  2 orcs (D:3)
  8 endoplasms
  4 goblins
  7 hobgoblins
  12 jackals
  2 kobolds
  A quokka (D:3)
  10 ball pythons
  7 bats
  A frilled lizard (D:3)
  3 rats (D:1)
65 creatures vanquished.

Vanquished Creatures (others)
  4 plants (D:3)
4 creatures vanquished.

Grand Total: 69 creatures vanquished

Notes
Turn   | Place    | Note
-------+----------+-------------------------------------------
     0 | D:1      | Setbun the Kobold Brigand began the quest for the Orb.
     0 | D:1      | Reached XP level 1. HP: 12/12 MP: 1/1
    81 | D:1      | Reached skill level 3 in Short Blades
   133 | D:1      | Reached XP level 2. HP: 17/17 MP: 2/2
   279 | D:1      | Reached skill level 4 in Short Blades
   542 | D:1      | Reached XP level 3. HP: 14/21 MP: 3/3
  1076 | D:2      | Reached skill level 5 in Short Blades
  1141 | D:2      | Reached XP level 4. HP: 26/26 MP: 4/4
  1609 | D:2      | Found a faded altar of an unknown god.
  1785 | D:3      | Reached skill level 6 in Short Blades
  2287 | D:3      | Reached XP level 5. HP: 24/30 MP: 5/5
  2422 | D:3      | Found a shadowy altar of Dithmenos.
  2891 | D:3      | HP: 1/30 [gnoll/+0 spear (2)]
  2892 | D:3      | Slain by an orc

Illustrated notes

Levels and vault maps discovered:
D:1:      dpeg_arrival_round_c, layout_loops_ring, minmay_tetromino_i2
D:2:      layout_loops_cross, basic_ecumenical_altar
D:3:      lemuel_castle_with_subvaults [lemuel_castle_interior_carwin_1],
          layout_loops_ring, mainiacjoe_overflow_surrounded_room, uniq_terence

Skill      XL: |  1  2  3  4 |
---------------+-------------+-----
Short Blades   | 3 4 5 6 |  6.8
Fighting       | |  2.1
Throwing       | |  2.1
Dodging        | |  1.2
Stealth        | |  5.3

Action                   |  1- 3 |  4- 6 || total
-------------------------+-------+-------++-------
Melee: Dagger            |    58 |   144 ||   202
       Punch             |       |     1 ||     1
  Use: Potion            |       |     1 ||     1
 Stab: Sleeping          |    18 |     9 ||    27
       Distracted        |       |     1 ||     1
Armor: Robe              |    11 |    22 ||    33
Dodge: Dodged            |    26 |    69 ||    95

Table legend: (Time is in decaauts)
 A = Elapsed time spent in this place.
 B = Non-inter-level travel time spent in this place.
 C = Inter-level travel time spent in this place.
 D = Time resting spent in this place.
 E = Time spent auto-exploring this place.
 F = Levels seen in this place.
 G = Mean time per level.
                   A        B        C        D        E       F      G
               +--------+--------+--------+--------+--------+-----+--------+
         Total |   2844 |   2742 |    102 |    357 |   1931 |   3 |  948.0 |
       Dungeon |   2844 |   2742 |    102 |    357 |   1931 |   3 |  948.0 |
               +--------+--------+--------+--------+--------+-----+--------+

Top non-repeatable levels by time:
     D:1: 1062 daAuts
     D:3: 995 daAuts
     D:2: 785 daAuts
